 Dungeon Crawl Stone Soup version 0.32-a0-119-g2e8054a333 (console) character file.

Game seed: 4284212919289371371

1834 petzl the Sneak (level 9, -17/68 HPs)
             Began as a Formicid Delver on Feb 6, 2024.
             Was a Follower of Vehumet.
             Demolished by a wolf spider simulacrum (31 damage)
             ... on level 15 of the Dungeon.
             The game lasted 00:36:19 (8063 turns).

petzl the Sneak (Formicid Delver)                   Turns: 8063, Time: 00:36:21

Health: -17/68     AC:  4    Str: 16    XL:     9   Next: 33%
Magic:  14/14      EV: 12    Int: 15    God:    Vehumet [*.....]
Gold:   285        SH:  5    Dex: 15    Spells: 12/15 levels left

rFire   . . .        a - +3 scimitar (freeze)
rCold   . . .        v - +0 buckler
rNeg    . . .        u - +0 leather armour
rPois   .            (helmet unavailable)
rElec   .            (no cloak)
rCorr   .            (no gloves)
SInv    +            w - +0 pair of boots
Will    .....        (no amulet)
Stlth   +++          (no ring)
HPRegen 0.31/turn    (no ring)
MPRegen 0.14/turn

%: no passive effects
@: no status effects
A: permanent stasis, dig shafts and tunnels, antennae 3, four strong arms
a: Dig, Shaft Self, Renounce Religion


You were on level 15 of the Dungeon.
You worshipped Vehumet.
Vehumet was aware of your devotion.
You visited 2 branches of the dungeon, and saw 12 of its levels.
You also visited: Sewer.

You collected 401 gold pieces.
You spent 116 gold pieces at shops.

Inventory:

Hand Weapons
 a - a +3 scimitar of freezing (weapon)
 b - a +0 sling
 c - a +1 dagger of venom {!f =f}
 i - a +2 heavy falchion
Missiles
 d - 11 poisoned darts (quivered)
 h - 4 javelins
Armour
 g - the +0 robe of Grace {rElec}
   (You found it on level 6 of the Dungeon)

   rElec:     It insulates you from electricity.
 u - a +0 leather armour (worn)
 v - a +0 buckler (worn)
 w - a +0 pair of boots (worn)
Wands
 f - a wand of digging (3)
 j - a wand of mindburst (16)
Scrolls
 e - 4 scrolls of fear
 k - 2 scrolls of vulnerability
 m - 2 scrolls of summoning
 p - a scroll of identify
 q - 2 scrolls of torment
 r - 2 scrolls of immolation
 s - a scroll of fog
 t - a scroll of enchant armour
 C - a scroll of amnesia
Potions
 l - 2 potions of brilliance {unknown}
 n - a potion of invisibility {unknown}
 o - 2 potions of might
 x - a potion of enlightenment {unknown}
 y - 2 potions of heal wounds
 z - a potion of resistance {unknown}
 B - a potion of cancellation


   Skills:
 - Level 5.0 Fighting
 + Level 4.9 Long Blades
 - Level 2.0 Maces & Flails
 + Level 2.3 Ranged Weapons
 - Level 1.0 Throwing
 - Level 4.0 Dodging
 - Level 6.0 Stealth
 + Level 3.6 Shields
 + Level 3.8 Spellcasting
 * Level 3.3 Conjurations
 - Level 2.0 Air Magic
 * Level 4.9 Alchemy
 - Level 2.0 Evocations


You had 12 spell levels left.
You knew the following spells:

 Your Spells              Type           Power      Damage    Failure   Level
m - Mephitic Cloud        Conj/Alch/Air  13%        N/A       22%         3

Your spell library contained the following spells:

 Spells                   Type           Power      Damage    Failure   Level
 Magic Dart               Conj           48%        1d5       8%          1
 Momentum Strike          Conj/Tloc      14%        3d8       22%         2
 Lesser Beckoning         Tloc           4%         N/A       41%         2
 Dazzling Flash           Conj/Hex       14%        N/A       41%         3
 Call Canine Familiar     Summ           2%         N/A       65%         3
 Gell's Gravitas          Tloc           2%         N/A       65%         3
 Sigil of Binding         Hex            2%         N/A       65%         3
 Teleport Other           Tloc           2%         N/A       65%         3
 Animate Dead             Necr           2%         N/A       96%         4
 Dimensional Bullseye     Hex/Tloc       1%         N/A       96%         4
 Silence                  Hex/Air        2%         N/A       99%         5
 Borgnjor's Vile Clutch   Necr/Erth      1%         N/A       100%        5
 Curse of Agony           Necr           2%         N/A       100%        5
 Death Channel            Necr           1%         N/A       100%        6
 Dispersal                Tloc           1%         N/A       100%        6
 Blink                    Tloc           Unusable   N/A       N/A         2

Dungeon Overview and Level Annotations

Branches:
Dungeon (12/15)            Temple (1/1) D:5            Lair (0/5) D:8
    Orc (0/2) D:9           Sewer (visited)

Altars:
Ashenzari
Cheibriados
Dithmenos
Elyvilon
Fedhas
Gozag
Nemelex Xobeh
Okawaru
Qazlal
Ru
Trog
Uskayaw
Vehumet
Wu Jian
Xom
Yredelemnul
Zin
The Shining One

Shops:
D:2 [   D:5 :

Annotations:
D:4 exclusion: 2 downstairs
D:5 3 runed translucent doors, Newt's ghost, novice KoHu
D:12 exclusion: 4 sensed monsters (detected), Sonja


Innate Abilities, Weirdness & Mutations

You cannot be hasted, slowed, berserked, paralysed or teleported.
You can dig through walls and to a lower floor.
You have a pair of large antennae on your head. (SInv)
Your four strong arms can wield two-handed weapons with a shield.


Message History

Sonja shouts!
A shaft appears beneath you!
You fall into a shaft and drop 3 floors!
The shaft crumbles and collapses.
Beware, you cannot shaft yourself on this level.
Found 6 stones and 17 gold pieces.
You start waiting.
You feel less confused.
You see here 6 stones.
Found a scroll of enchant armour and a scroll of identify.
You now have 285 gold pieces (gained 17).
A wolf spider simulacrum comes into view.
Your +3 scimitar of freezing stops glowing.
b - a +0 sling (weapon)
You shoot a sling bullet.
The sling bullet hits the wolf spider simulacrum.
The wolf spider simulacrum is lightly damaged.
You shoot a sling bullet.
The sling bullet hits the wolf spider simulacrum but does no damage.
The wolf spider simulacrum is lightly damaged.
You shoot a sling bullet.
The sling bullet hits the wolf spider simulacrum.
The wolf spider simulacrum is lightly damaged.
You shoot a sling bullet.
The sling bullet hits the wolf spider simulacrum but does no damage.
The wolf spider simulacrum is lightly damaged.
Your +3 scimitar of freezing glows with a cold blue light!
a - a +3 scimitar of freezing (weapon)
The wolf spider simulacrum hits you.
The wolf spider simulacrum freezes you!!
The wolf spider simulacrum bites you. The wolf spider simulacrum freezes you!
You slash the wolf spider simulacrum!
The wolf spider simulacrum is heavily damaged.
The wolf spider simulacrum barely misses you.
The wolf spider simulacrum closely misses you.
The wolf spider simulacrum barely misses you.
The wolf spider simulacrum bites you!
* * * LOW HITPOINT WARNING * * *
The wolf spider simulacrum freezes you!!
You die...

##.# .#.# ###...#
..... .
#########...
..##.........####
................#{
{
......?.......(.#
................#
......Z@.###.....#
.........#
###......
..##....##
#....... #......
.....#... #..###..
....##... #.# ....
...... ## #.. ....
#. #.....


You could see a wolf spider simulacrum.

Vanquished Creatures
  A yak (D:9)
  A black bear (D:4)
  An ice beast (D:5)
  3 ogres
  3 bullfrogs
  2 brain worms (Sewer)
  2 scorpions
  2 wights (D:6)
  A bombardier beetle (D:6)
  A hound (D:6)
  2 jellies
  An orc priest (D:9)
  3 sleepcaps
  3 iguanas
  6 orc wizards
  12 adders
  2 dart slugs
  3 ribbon worms
  28 orcs
  5 bats
  3 endoplasms
  2 giant cockroaches
  5 goblins
  6 hobgoblins
  5 jackals
  5 quokkas
  8 ball pythons
  4 frilled lizards
  5 kobolds
  8 rats
133 creatures vanquished.

Notes
Turn   | Place    | Note
-------+----------+-------------------------------------------
     0 | D:5      | petzl the Formicid Delver began the quest for the Orb.
     0 | D:5      | Reached XP level 1. HP: 18/18 MP: 1/1
     5 | D:5      | Noticed an ogre
    16 | D:6      | Identified the +0 robe of Grace {rElec}
    71 | D:6      | Found a shadowy altar of Dithmenos.
    75 | D:6      | Noticed a bullfrog
   113 | D:6      | Noticed a wight
   113 | D:6      | Noticed a wight
   113 | D:6      | Noticed a wight
   113 | D:6      | Noticed a wight
   160 | D:6      | Noticed a hound
   234 | D:8      | Found a staircase to the Lair.
   255 | D:8      | Noticed a bullfrog
   281 | D:8      | Noticed a bullfrog
   287 | D:8      | Killed a bullfrog
   288 | D:8      | Reached skill level 1 in Spellcasting
   288 | D:8      | Reached skill level 1 in Evocations
   288 | D:8      | Reached XP level 2. HP: 25/25 MP: 1/3
   288 | D:8      | Reached XP level 3. HP: 30/30 MP: 1/4
   288 | D:8      | Reached XP level 4. HP: 37/37 MP: 1/5
   368 | D:6      | Reached XP level 5. HP: 28/42 MP: 5/7
   731 | D:3      | Found a glowing drain.
   765 | Sewer    | Entered a sewer
  1117 | Sewer    | Noticed a brain worm
  1121 | Sewer    | Killed a brain worm
  1122 | Sewer    | Reached XP level 6. HP: 33/48 MP: 5/8
  1646 | D:2      | Found Oguumul's Armour Emporium.
  2413 | D:2      | Identified the +5 dagger of Yrhephoo {spect, *Noise rCorr
                  | MP+9}
  2628 | D:2      | Found a faded altar of an unknown god.
  3068 | D:2      | Bought a +0 buckler for 58 gold pieces
  3068 | D:2      | Bought a +0 pair of boots for 58 gold pieces
  3269 | D:2      | Reached XP level 7. HP: 40/55 MP: 10/10
  4410 | D:4      | Learned a level 3 spell: Mephitic Cloud
  4603 | D:4      | Reached skill level 1 in Shields
  4896 | D:4      | Reached skill level 1 in Alchemy
  5088 | D:3      | You fall into a shaft and drop 2 floors!
  5122 | D:5      | Found a runed translucent gate.
  5122 | D:5      | Found a runed translucent gate.
  5122 | D:5      | Found a runed translucent gate.
  5191 | D:5      | Reached skill level 1 in Conjurations
  5191 | D:5      | Reached skill level 1 in Air Magic
  5219 | D:5      | Reached XP level 8. HP: 61/61 MP: 12/12
  5673 | D:5      | Reached skill level 1 in Ranged Weapons
  5705 | D:5      | Found a staircase to the Ecumenical Temple.
  5762 | D:5      | Reached skill level 5 in Fighting
  5771 | D:5      | Noticed Newt's ghost (novice KoHu)
  5892 | D:5      | You fall into a shaft and drop 1 floor!
  5967 | D:6      | Reached skill level 1 in Throwing
  6388 | D:5      | Found Dizil's Book Emporium.
  6983 | D:5      | Reached XP level 9. HP: 52/68 MP: 14/14
  7080 | Temple   | Entered the Ecumenical Temple
  7110 | Temple   | Became a worshipper of Vehumet
  7375 | D:5      | HP: 1/60 [wight/+2 war axe (13)]
  7380 | D:5      | You fall into a shaft and drop 3 floors!
  7719 | D:9      | Found a staircase to the Orcish Mines.
  7887 | D:9      | Reached * piety under Vehumet
  7887 | D:9      | Offered knowledge of Magic Dart by Vehumet.
  7932 | D:9      | You fall into a shaft and drop 3 floors!
  8029 | D:12     | Noticed a manticore
  8035 | D:12     | Noticed Sonja
  8038 | D:12     | You fall into a shaft and drop 3 floors!
  8038 | D:15     | Entered Level 15 of the Dungeon
  8063 | D:15     | Demolished by a wolf spider simulacrum

Illustrated notes

Levels and vault maps discovered:
D:1:      dpeg_arrival_castle, layout_basic
D:2:      minmay_evil_eye, layout_loops_ring, serial_shops,
          nicolae_shop_tiny_real_fake_doors, hellmonk_ecumenical_altar_run_dry
D:3:      layout_basic, cheibrodos_sewer_entry_drain, minmay_misc_feat_pillars,
          chequers_serial_rivers_large_b, minmay_crystal_room
D:4:      cheibrodos_barr_body, layout_basic
D:5:      layout_cave_pools, minmay_temple_entry_trees, serial_shops, shop,
          ebering_ghost_rock_garden, minmay_quadrilaterals
D:6:      layout_basic, lemuel_doored_altar
D:7:      layout_basic, makhleb_altar_promises_db,
          regret_index_kikubaaqudgha_part_by_part
D:8:      layout_basic, dpeg_oklobed_lair, chequers_serial_rivers_small_b,
          minmay_misc_feat_encased
D:9:      corexii_shack_village, layout_basic, old_standard_altar,
          hiddenorc2_lemuel
D:12:     layout_basic, uniq_sonja
D:15:     grunt_enter_depths_snipers, layout_rooms, minivault_27
Temple:   bh_familiar_temple

Skill      XL: |  1  2  3  4  5  6  7  8  9 |
---------------+----------------------------+-----
Long Blades    | 2 3 4 |  4.9
Dodging        | 2 3 4 |  4.0
Spellcasting   | 1 2 3 |  3.8
Evocations     | 1 2 |  2.0
Fighting       | 4 5 |  5.0
Shields        | 1 2 3 |  3.6
Alchemy        | 1 3 4 |  4.9
Conjurations   | 1 2 3 |  3.3
Air Magic      | 1 2 |  2.0
Ranged Weapons | 1 2 |  2.3
Throwing       | 1 |  1.0
Maces & Flails | |  2.0
Stealth        | |  6.0

Action                     |  1- 3 |  4- 6 |  7- 9 || total
---------------------------+-------+-------+-------++-------
  Melee: Falchion          |     2 |   143 |   122 ||   267
         Punch             |       |     2 |       ||     2
         Scimitar          |       |       |    53 ||    53
         Sling             |       |       |     4 ||     4
   Fire: Sling             |       |       |    77 ||    77
  Throw: Dart              |       |       |     8 ||     8
   Cast: Mephitic Cloud    |       |       |    12 ||    12
Ability: Dig               |       |     2 |     3 ||     5
         Shaft Self        |       |       |     5 ||     5
  Evoke: Wand              |       |     2 |     5 ||     7
    Use: Scroll            |       |     6 |     9 ||    15
         Potion            |       |     1 |     1 ||     2
   Stab: Sleeping          |       |    14 |     4 ||    18
         Confused          |       |       |     3 ||     3
 Armour: Leather armour    |     1 |   126 |   161 ||   288
  Dodge: Dodged            |     2 |   121 |   155 ||   278
  Block: Buckler           |       |     3 |    52 ||    55

Table legend: (Time is in decaauts)
 A = Elapsed time spent in this place.
 B = Non-inter-level travel time spent in this place.
 C = Inter-level travel time spent in this place.
 D = Time resting spent in this place.
 E = Time spent auto-exploring this place.
 F = Levels seen in this place.
 G = Mean time per level.
                   A        B        C        D        E       F      G
               +--------+--------+--------+--------+--------+-----+--------+
         Total |   8434 |   7875 |    559 |   1825 |   3382 |  13 |  648.8 |
       Dungeon |   7575 |   7074 |    501 |   1465 |   3171 |  11 |  688.6 |
        Temple |     59 |      1 |     58 |      0 |      0 |   1 |   59.0 |
         Sewer |    798 |    798 |      0 |    360 |    210 |   1 |  798.0 |
               +--------+--------+--------+--------+--------+-----+--------+

Top non-repeatable levels by time:
     D:5: 1398 daAuts
     D:3: 1343 daAuts
     D:4: 1339 daAuts
     D:2: 953 daAuts
     D:6: 938 daAuts
   Sewer: 798 daAuts
     D:1: 720 daAuts
     D:8: 364 daAuts
     D:9: 275 daAuts
     D:7: 112 daAuts
    D:12: 105 daAuts
  Temple: 59 daAuts
    D:15: 25 daAuts
